 Dungeon Crawl Stone Soup version 0.26-a0-606-g3c8f2f65f7 (webtiles) character file.

Game seed: 9422220206265973471

1533 Descartes the Chucker (level 8, -2/78 (79) HPs)
             Began as a Troll Hunter on Sept 1, 2020.
             Slain by an orc warrior
             ... wielding a +0 short sword
              (17 damage)
             ... on level 6 of the Dungeon.
             The game lasted 00:05:00 (4610 turns).

Descartes the Chucker (Troll Hunter)                Turns: 4610, Time: 00:05:00

HP:   -2/78 (79)    AC:  6    Str: 21    XL:     8   Next: 55%
MP:   16/16         EV: 11    Int:  8    God:
Gold: 323           SH:  0    Dex: 11    Spells: 7/7 levels left

rFire    . . .     SeeInvis .     - Unarmed
rCold    . . .     Faith    .   (no shield)
rNeg     . . .     Spirit   .   b - +0 robe
rPois    .         Reflect  .   (helmet restricted)
rElec    .         Harm     .   (no cloak)
rCorr    .                      (gloves unavailable)
MR       .....                  (boots unavailable)
Stlth    +.........             t - amulet of the acrobat
HPRegen  0.63/turn              s - ring of flight
MPRegen  0.15/turn              D - ring of magical power

@: no status effects
A: large, unfitting armour, claws 3, regeneration 1, shaggy fur 1, tough skin 3
a: Evoke Flight


You were on level 6 of the Dungeon.
You visited 2 branches of the dungeon, and saw 7 of its levels.

You collected 323 gold pieces.

Inventory:

Missiles
 c - 11 large rocks (quivered)
 d - 2 throwing nets
 f - 117 stones
 h - 13 sling bullets
 i - 102 arrows
 p - 31 bolts
 r - 14 poisoned darts
 x - 5 boomerangs
Armour
 b - a +0 robe (worn)
Jewellery
 s - a ring of flight (left claw)
 t - an amulet of the acrobat (around neck)
 D - a ring of magical power (right claw)
Wands
 z - a wand of disintegration (2)
Scrolls
 a - a scroll of fog {unknown}
 g - 2 scrolls of enchant weapon {unknown}
 j - a scroll of amnesia {unknown}
 k - 3 scrolls of teleportation {unknown}
 n - 2 scrolls of fear {unknown}
 o - 5 scrolls of identify {unknown}
 q - 8 scrolls of remove curse {unknown}
 w - 2 scrolls of random uselessness {unknown}
 y - a scroll of immolation {unknown}
 B - a scroll of enchant armour {unknown}
Potions
 e - 7 potions of curing {unknown}
 l - 4 potions of brilliance {unknown}
 m - 2 potions of lignification {unknown}
 u - 2 potions of haste {unknown}
 v - 2 potions of invisibility {unknown}
 A - a potion of flight {unknown}
 C - a potion of cancellation {unknown}
 E - a potion of stabbing {unknown}


   Skills:
 + Level 4.6 Fighting
 + Level 6.1 Throwing
 + Level 4.6 Dodging
 - Level 0.3 Stealth
 + Level 5.2 Unarmed Combat


You had 7 spell levels left.
You didn't know any spells.
Your spell library contained the following spells:

 Spells                   Type           Power        Failure   Level
 Beastly Appendage        Tmut           #.....       41%         1
 Wereblood                Tmut           #.......     54%         2
 Spider Form              Tmut/Pois      #.........   78%         3
 Ice Form                 Ice/Tmut       #.......     99%         4
 Blade Hands              Tmut           #.........   100%        5


Dungeon Overview and Level Annotations

Branches:
Dungeon (6/15)             Temple (1/1) D:4

Altars:
Ashenzari
Dithmenos
Fedhas
Gozag
Hepliaklqana
Kikubaaqudgha
Makhleb
Nemelex Xobeh
Okawaru
Qazlal
Ru
Sif Muna
Trog
Uskayaw
Vehumet
Wu Jian
Xom
Yredelemnul
Zin

Annotations:
D:6 Blork the orc


Innate Abilities, Weirdness & Mutations

You are too large for most types of armour.
You have claws for hands.
Your natural rate of healing is unusually fast.
You are covered in fur. (AC +1)
You have extremely tough skin. (AC +3)


Message History

Blork the orc seems to speed up.
You hear a shout! x2
You barely miss the orc warrior.
The orc warrior is severely wounded.
The orc warrior hits you with a +0 short sword!
You barely miss the orc warrior.
The orc warrior is severely wounded.
The orc warrior closely misses you.
You scratch the orc warrior but do no damage.
The orc warrior is severely wounded.
The orc warrior closely misses you.
An orc comes into view. It is wielding a +0 flail.
You completely miss the orc warrior.
The orc warrior is severely wounded.
The orc warrior hits you with a +0 short sword!!
* * * LOW HITPOINT WARNING * * *
You closely miss the orc warrior.
The orc warrior is severely wounded.
The orc warrior hits you with a +0 short sword!
You die...

..##.####.....##
................
#.y...........#
#....yZ#......
#...y..#..#.###
...?....oZ....#
###..###o..##.# #
#o#Z# #@#.##.#.#
#.#.##.#.# ###
#......#.##....
##..............
##.........#...#
###...#.#......#.##
##.....#.#..........
#...........<...#
#.....#.......##.#


You could see Blork the orc (fast), an orc warrior, an orc and a bullfrog
skeleton.

Vanquished Creatures
  The ghost of qipq the Sneak, an amateur DsDe (D:5)
  Grinder (D:3)
  Sigmund (D:3)
  An ice beast (D:5)
  A sky beast (D:5)
  A necrophage (D:5)
  An ogre (D:4)
  5 killer bees (D:6)
  A hound (D:5)
  A jelly (D:5)
  An orc wizard (D:3)
  3 worker ants (D:4)
  7 gnolls (D:3)
  9 adders
  A shadow imp (D:5)
  A white imp (D:5)
  An ufetubus (D:5)
  2 oozes
  5 worms
  3 dart slugs
  4 leopard geckos
  4 orcs (D:3)
  2 bats
  2 giant cockroaches
  9 goblins
  6 hobgoblins
  4 jackals
  3 quokkas
  3 ball pythons
  4 frilled lizards (D:1)
  7 kobolds
  3 rats
98 creatures vanquished.

Notes
Turn   | Place    | Note
-------+----------+-------------------------------------------
     0 | D:1      | Descartes the Troll Hunter began the quest for the Orb.
     0 | D:1      | Reached XP level 1. HP: 19/19 MP: 0/0
   147 | D:1      | Reached XP level 2. HP: 28/28 MP: 1/1
   327 | D:1      | Reached skill level 1 in Unarmed Combat
   550 | D:2      | Reached XP level 3. HP: 35/35 MP: 2/2
   598 | D:2      | Reached skill level 4 in Throwing
   927 | D:2      | Reached XP level 4. HP: 42/42 MP: 3/3
  1447 | D:3      | Noticed Grinder
  1479 | D:3      | Paralysed by Grinder for 5 turns
  1493 | D:3      | HP: 2/42 [Grinder/nerve-wracking pain (10)]
  1497 | D:3      | Killed Grinder
  1497 | D:3      | Reached XP level 5. HP: 3/52 MP: 4/4
  1497 | D:3      | Reached XP level 6. HP: 4/59 MP: 5/5
  1888 | D:3      | Noticed Sigmund
  1893 | D:3      | Killed Sigmund
  1994 | D:3      | Found a shimmering blue altar of Sif Muna.
  2018 | D:3      | Reached skill level 5 in Throwing
  2018 | D:3      | Reached XP level 7. HP: 66/67 MP: 6/6
  2602 | D:4      | Found a sparkling altar of Nemelex Xobeh.
  3065 | D:4      | Found a staircase to the Ecumenical Temple.
  3251 | Temple   | Entered the Ecumenical Temple
  3522 | D:5      | Entered Level 5 of the Dungeon
  3691 | D:5      | Found a runed translucent door.
  3693 | D:5      | Noticed qipq's ghost (amateur DsDe)
  3710 | D:5      | Found an opulent altar of Gozag.
  3710 | D:5      | Found an ancient bone altar of Kikubaaqudgha.
  3893 | D:5      | Reached XP level 8. HP: 57/77 MP: 7/7
  4468 | D:5      | Killed qipq's ghost
  4574 | D:6      | Noticed Blork the orc
  4586 | D:6      | Reached skill level 6 in Throwing
  4590 | D:6      | Reached skill level 5 in Unarmed Combat
  4610 | D:6      | Slain by an orc warrior

Illustrated notes

Levels and vault maps discovered:
D:1:      sevenhm_arrival_forest_fort_large_4, layout_rooms
D:2:      layout_basic, kennysheep_generic_room_11
D:3:      layout_loops_ring, overflow_temple_1_default, grunt_decor_resistance,
          uniq_grinder, uniq_sigmund
D:4:      layout_basic, nemelex_xobeh_ov_fountains_minmay,
          minmay_temple_entry_antechambers, grunt_ministairs_7
D:5:      layout_basic, gammafunk_temple_overflow_wave,
          hellmonk_ghost_happy_afterlife, minmay_diced_spiral
D:6:      layout_loops_ring, nicolae_tso_carved_into_rock,
          overflow_temple_1_default, gammafunk_ghost_nasty_kobolds,
          minmay_misc_feat_enclosed, nicolae_qazlal_general_emergency,
          uniq_blork_the_orc
Temple:   regret_index_temple_waves

Skill      XL: |  1  2  3  4  5  6  7  8 |
---------------+-------------------------+-----
Unarmed Combat | 1 2 3 4 5 |  5.2
Fighting       | 2 3 4 |  4.6
Dodging        | 2 3 4 |  4.6
Throwing       | 4 5 6 |  6.1
Stealth        | |  0.3

Action                   |  1- 3 |  4- 6 |  7- 9 || total
-------------------------+-------+-------+-------++-------
Melee: Unarmed           |   106 |    76 |   159 ||   341
       Short sword       |     4 |       |       ||     4
       Punch             |       |     1 |     3 ||     4
 Stab: Distracted        |     1 |       |       ||     1
       Sleeping          |       |     1 |       ||     1
Armor: Robe              |    41 |    18 |    25 ||    84
Dodge: Dodged            |    57 |    50 |    86 ||   193

Table legend: (Time is in decaauts)
 A = Elapsed time spent in this place.
 B = Non-inter-level travel time spent in this place.
 C = Inter-level travel time spent in this place.
 D = Time resting spent in this place.
 E = Time spent auto-exploring this place.
 F = Levels seen in this place.
 G = Mean time per level.
                   A        B        C        D        E       F      G
               +--------+--------+--------+--------+--------+-----+--------+
         Total |   4591 |   4351 |    240 |      0 |   3672 |   7 |  655.9 |
       Dungeon |   4429 |   4236 |    193 |      0 |   3558 |   6 |  738.2 |
        Temple |    162 |    115 |     47 |      0 |    114 |   1 |  162.0 |
               +--------+--------+--------+--------+--------+-----+--------+

Top non-repeatable levels by time:
     D:5: 1030 daAuts
     D:4: 975 daAuts
     D:3: 959 daAuts
     D:2: 867 daAuts
     D:1: 546 daAuts
  Temple: 162 daAuts
     D:6: 48 daAuts
